 Dungeon Crawl Stone Soup version 0.20.1-1-g8b1a95d (webtiles) character file.

349 letownia2 the Grave Robber (level 6, 0/49 HPs)
             Began as a Deep Dwarf Necromancer on Oct 28, 2017.
             Slain by a bullfrog skeleton (3 damage)
             ... on level 5 of the Dungeon.
             The game lasted 00:06:28 (2136 turns).

letownia2 the Grave Robber (Deep Dwarf Necromancer) Turns: 2136, Time: 00:06:28

Health: 0/49       AC:  6    Str: 12    XL:     6   Next: 33%
Magic:  10/10      EV: 11    Int: 17    God:
Gold:   157        SH:  0    Dex: 13    Spells: 7/11 levels left

rFire    . . .     SeeInvis .   a - +2 whip (venom)
rCold    . . .     Gourm    .   (no shield)
rNeg     . . .     Faith    .   d - +0 ring mail
rPois    .         Spirit   .   (no helmet)
rElec    .         Reflect  .   (no cloak)
rCorr    .         Harm     .   (no gloves)
MR       .....                  q - +0 pair of boots
Stlth    +.........             i - amulet of inaccuracy (curse)
Regen    0.0/turn               (no ring)
MPRegen  0.2/turn               (no ring)

@: non-regenerating
A: damage resistance, heal wounds, sense surroundings 1, no regeneration
a: Heal Wounds


You were on level 5 of the Dungeon.
You were very hungry.

You visited 1 branch of the dungeon, and saw 5 of its levels.

You collected 157 gold pieces.

Inventory:

Hand Weapons
 a - a +2 whip of venom (weapon)
 n - a +1 vampiric spear
 r - a +0 dagger
Armour
 d - a +0 ring mail (worn)
 e - a +0 leather armour
 m - a +0 robe
 q - a +0 pair of boots (worn)
 s - the +1 ring mail of the Learner {*Corrode Dex+5}
   (You found it on level 4 of the Dungeon)

   It affects your dexterity (+5).
   It may corrode you when you take damage.
Jewellery
 i - a cursed amulet of inaccuracy (around neck)
Wands
 l - a wand of iceblast (10/15)
Scrolls
 f - a scroll of amnesia {unknown}
 g - 3 scrolls of identify {unknown}
 o - a scroll of blinking {unknown}
 t - a scroll of recharging {unknown}
 u - a scroll of fog {unknown}
Potions
 h - 4 potions of curing {unknown}
 k - a potion of ambrosia {unknown}
 p - a potion of haste {unknown}
 v - a potion of resistance {unknown}
 w - a potion of flight {unknown}
Books
 b - a book of Necromancy

   Spells                             Type                      Level
   a - Pain                           Necromancy                   1
   b - Animate Skeleton               Necromancy                   1
   c - Vampiric Draining              Necromancy                   3
   d - Regeneration                   Charms/Necromancy            3
   e - Animate Dead                   Necromancy                   4
   f - Control Undead                 Necromancy                   4
 j - a book of Geomancy

   Spells                             Type                      Level
   a - Sandblast                      Earth                        1
   b - Passwall                       Transmutation/Earth          2
   c - Stone Arrow                    Conjuration/Earth            3
   d - Petrify                        Transmutation/Earth          4
   e - Lee's Rapid Deconstruction     Earth                        5
Comestibles
 c - 3 bread rations
 x - a royal jelly


   Skills:
 - Level 2.9 Armour
 - Level 2.1 Dodging
 - Level 2.4 Stealth
 + Level 3.3 Spellcasting
 + Level 6.8 Necromancy


You had 7 spell levels left.
You knew the following spells:

 Your Spells              Type           Power        Failure   Level  Hunger
a - Pain                  Necr           ####         2%          1    None
v - Vampiric Draining     Necr           ####......   7%          3    ###....


Dungeon Overview and Level Annotations

Branches:
Dungeon (5/15)
 Temple: D:4-7

Altars:
Cheibriados
Dithmenos
Elyvilon
Hepliaklqana

Shops:
D:4 (

Annotations:
D:4 exclusions: phantom and 2 more exclusions


Innate Abilities, Weirdness & Mutations

You are resistant to damage.
You can heal yourself by infusing magical energy.
You passively map a small area around you.
You do not regenerate.


Message History

You see here a robe.
You open the door.
Found an escape hatch in the floor.
There is an open door here.
There is an escape hatch in the floor here.
You are feeling very hungry.
You open the door.
The bullfrog skeleton is too close now for your liking.
There is an open door here.
You hit the bullfrog skeleton but do no damage.
The bullfrog skeleton hits you.
* * * LOW HITPOINT WARNING * * *
The bullfrog skeleton misses you.
You hit the bullfrog skeleton.
The bullfrog skeleton is lightly damaged.
The bullfrog skeleton hits you but does no damage.
You hit the bullfrog skeleton.
The bullfrog skeleton is lightly damaged.
The bullfrog skeleton hits you.
You die...

##### ....# #...# ....#
#...# ....# ### #...#
....# ..# #...# ....# ..#
#...# ....# ..#
#...########....### , ..#
#>.........Z....(.. ..#
#.#######.@#....#.#* ..#
#.# ##.#....#.# , #.# #.#
#........#
#.#####.########..#######
,, ###...#.##....###.# ,
.##.#.#.##.##.# #.. ,
.##.#.#.##.##.# ##.# ,* *
.##.#......##.# *.#*
.##...#....##.# .# ,* **


You could see a bullfrog skeleton.

Vanquished Creatures
  An ogre (D:5)
  A scorpion (D:4)
  A hound (D:4)
  An iguana (D:4)
  2 worker ants (D:4)
  A hound skeleton (D:4)
  3 gnolls
  2 adders
  A shadow imp (D:5)
  2 oozes
  A dart slug (D:3)
  A leopard gecko (D:3)
  7 orcs
  A bat (D:2)
  3 giant cockroaches
  2 goblins
  3 hobgoblins
  A kobold (D:3)
  2 frilled lizards
  3 rats
39 creatures vanquished.

Notes
Turn   | Place    | Note
-------+----------+-------------------------------------------
     0 | D:1      | letownia2 the Deep Dwarf Necromancer began the quest for the Orb.
     0 | D:1      | Reached XP level 1. HP: 15/15 MP: 3/3
    76 | D:2      | Found a snail-covered altar of Cheibriados.
   219 | D:2      | Reached XP level 2. HP: 17/22 MP: 0/5
   509 | D:3      | Found a hazy altar of Hepliaklqana.
   562 | D:3      | Reached skill level 5 in Necromancy
   562 | D:3      | Reached XP level 3. HP: 22/28 MP: 2/6
   572 | D:3      | Reached skill level 1 in Armour
   609 | D:3      | Learned a level 3 spell: Vampiric Draining
   804 | D:4      | Reached XP level 4. HP: 30/36 MP: 2/7
  1168 | D:4      | Reached skill level 6 in Necromancy
  1168 | D:4      | Reached XP level 5. HP: 21/42 MP: 3/8
  1299 | D:4      | Found a shadowy altar of Dithmenos.
  1312 | D:4      | Got a brightly glowing ring mail
  1325 | D:4      | Identified the +1 ring mail of the Learner {*Corrode Dex+5} (You found it on level 4 of the Dungeon)
  1495 | D:4      | Noticed an ice beast
  1600 | D:4      | Found Ipoorah's Antique Weapon Boutique.
  1620 | D:4      | Noticed a phantom
  1832 | D:5      | Entered Level 5 of the Dungeon
  1833 | D:5      | Noticed an ogre
  1840 | D:5      | Killed an ogre
  1840 | D:5      | Reached XP level 6. HP: 21/49 MP: 1/10
  1894 | D:5      | Found a white marble altar of Elyvilon.
  2136 | D:5      | Slain by a bullfrog skeleton

Skill      XL: |  1  2  3  4  5 |
---------------+----------------+-----
Spellcasting   | 2 3 |  3.3
Necromancy     | 5 6 |  6.8
Armour         | 2 |  2.9
Dodging        | |  2.1
Stealth        | |  2.4

Action                   |  1- 3 |  4- 6 || total
-------------------------+-------+-------++-------
Melee: Unarmed           |    23 |       ||    23
       Dagger            |       |    12 ||    12
       Whip              |       |    42 ||    42
 Cast: Pain              |    38 |    30 ||    68
       Vampiric Draining |     1 |    11 ||    12
  Eat: Chunk             |       |     5 ||     5
Armor: Ring mail         |    14 |    27 ||    41
Dodge: Dodged            |    28 |    43 ||    71
